Map: New Repugnancy LE

Players

AviatorPrime

  • Race: Terran Terran
  • League: Master
  • Spawn Location: 1:00

llIllllIllll - Winner!

  • Race: Protoss Protoss
  • League: Master
  • Spawn Location: 7:00

VOD

Have the link to the VOD?

Description

Time

  • Played on: March 7, 2019, 9:59 a.m.
  • Length: 15:40
Show
View Real Time Build Order
Export as new Build Order

AviatorPrime Terran 

Build Orders: Liberator Opening 

Get SALT Encoding   

  12  0:00  SCV  
  13  0:13  SCV  
  14  0:17  Supply Depot  
  14  0:25  SCV  
  15  0:39  SCV  
  15  0:40  Barracks  
  16  0:44  Refinery  
  16  0:52  SCV  
  17  1:04  SCV  
  18  1:16  SCV  
  19  1:28  Marine  
  20  1:43  Refinery  
  20  1:46  Marine  
  21  1:48  Factory  
  20  1:56  SCV  
  21  2:04  Supply Depot  
  21  2:10  Marine  
  21  2:13  SCV  
  23  2:16  Supply Depot  
  23  2:36  Starport  
  23  2:40  SCV, Factory Tech Lab  
  24  2:53  Marine  
  25  2:59  Liberator  
  25  3:01  Siege Tank  
  20  5:28  Refinery  
  20  5:32  Marine  
  21  5:40  Bunker  
  21  5:44  SCV  
  22  5:56  SCV  
  23  6:00  Cloaking Field  
  23  6:15  Supply Depot  
  23  6:33  Factory Tech Lab  
  23  6:36  Marine, Banshee, SCV  
  28  6:46  Supply Depot  
  25  6:53  SCV  
  26  6:54  Marine  
  26  7:13  Marine  
  26  7:14  SCV  
  25  7:22  Banshee  
  28  7:29  Siege Tank  
  31  7:35  SCV  
  32  7:44  Marine  
  32  7:48  SCV  
  32  8:07  Engineering Bay  
  32  8:11  Marine  
  32  8:37  Marine  
  32  8:39  SCV  
  34  8:42  Supply Depot  
  34  8:51  SCV  
  35  9:00  Siege Tank  
  38  9:09  Barracks Reactor  
  38  9:20  Viking  
  40  9:33  Widow Mine  
  42  9:39  SCV  
  43  9:52  Viking  
  45  10:01  Orbital Command  
  45  10:18  Missile Turret  
  45  10:22  Widow Mine  
  47  10:38  Marine  
  47  10:39  Marine  
  46  10:49  Medivac  
  48  10:50  SCV  
  48  10:52  Widow Mine  
  51  11:00  Barracks  
  51  11:03  Marine  
  49  11:22  Marine x2  
  51  11:28  SCV  
  52  11:45  Medivac  
  54  11:49  SCV  
  55  12:05  Marine x2, SCV  
  55  12:09  Supply Depot  
  55  12:25  Supply Depot  
  55  12:28  Stimpack  
  55  12:30  SCV, Medivac, Widow Mine  
  60  12:43  Marine x2  
  60  12:44  Marine  
  62  12:50  SCV  
  64  12:52  Supply Depot  
  64  13:01  Marine x2, Widow Mine  
  64  13:02  SCV  
  69  13:09  Marine  
  70  13:14  SCV  
  70  13:17  Terran Infantry Weapons Level 1  
  70  13:19  Marine x2  
  73  13:24  Widow Mine  
  73  13:26  SCV  
  76  13:27  Marine  
  76  13:33  Supply Depot  
  77  13:35  Supply Depot  
  77  13:36  Marine  
  77  13:37  Marine  
  79  13:55  Marine x3, SCV  
  83  14:16  Command Center  
  83  14:22  Marine x2  
  83  14:23  Marine  
  86  14:40  Marine x2  
  52  15:00  Marine x3  
  37  15:18  Marine x3  
Show
View Real Time Build Order
Export as new Build Order

llIllllIllll Protoss - Winner!

Build Orders:  

Get SALT Encoding   

  12  0:02  Probe  
  13  0:15  Probe  
  13  0:20  Pylon  
  14  0:27  Probe  
  15  0:39  Forge  
  15  0:41  Probe  
  15  0:49  Probe  
  17  0:58  Pylon  
  17  1:00  Probe  
  18  1:12  Probe  
  19  1:21  Photon Cannon  
  19  1:22  Photon Cannon  
  19  1:31  Pylon  
  19  1:35  Pylon  
  19  1:43  Pylon  
  19  1:54  Gateway  
  19  2:02  Photon Cannon  
  18  2:08  Photon Cannon  
  18  2:14  Pylon  
  18  2:20  Pylon  
  18  2:33  Photon Cannon  
  18  2:35  Zealot  
  18  2:42  Photon Cannon  
  20  2:54  Photon Cannon  
  20  3:05  Photon Cannon  
  20  3:15  Zealot  
  22  3:24  Assimilator  
  22  3:27  Assimilator  
  22  3:36  Zealot  
  24  3:51  Pylon  
  24  3:59  Gateway  
  24  4:00  Cybernetics Core  
  24  4:10  Zealot  
  21  4:29  Probe  
  20  4:32  Nexus  
  20  4:36  Photon Cannon  
  20  4:39  Stalker  
  14  5:23  Probe  
  15  5:31  Stalker  
  17  5:51  Probe  
  18  6:01  Probe  
  18  6:03  Probe  
  20  6:12  Pylon  
  20  6:15  Probe  
  21  6:28  Probe, Adept  
  24  6:39  Probe  
  24  6:41  Probe  
  26  6:53  Stargate  
  26  7:13  Adept  
  26  7:21  Stargate  
  26  7:23  Assimilator, Probe  
  27  7:35  Probe  
  28  7:42  Void Ray  
  30  8:08  Oracle  
  28  8:21  Assimilator  
  28  8:31  Robotics Facility  
  28  8:34  Probe  
  29  8:45  Probe  
  30  8:50  Pylon  
  30  8:53  Probe  
  30  9:23  Void Ray  
  34  9:25  Void Ray  
  38  9:44  Observer  
  39  10:06  Void Ray  
  43  10:07  Pylon  
  43  10:10  Probe  
  44  10:14  Adept  
  46  10:22  Probe  
  50  10:52  Observer  
  50  10:55  Probe  
  52  11:07  Probe  
  48  11:19  Probe  
  48  11:21  Phoenix x2  
  49  11:31  Probe  
  50  11:36  Pylon  
  50  11:46  Phoenix  
  49  11:48  Phoenix  
  51  11:56  Photon Cannon  
  51  11:58  Photon Cannon  
  49  12:05  Probe  
  49  12:17  Probe  
  49  12:20  Photon Cannon, Void Ray  
  50  13:01  Probe  
  51  13:09  Fleet Beacon, Photon Cannon  
  51  13:13  Probe  
  51  13:18  Pylon  
  52  13:22  Probe  
  52  13:23  Probe  
  54  13:30  Probe  
  54  13:40  Probe  
  55  13:43  Tempest x2  
  56  13:52  Probe  
  67  14:02  Photon Cannon  
  67  14:03  Photon Cannon  
  67  14:09  Probe  
  68  14:10  Photon Cannon  
  68  14:16  Tempest  
  68  14:22  Probe  
  68  14:24  Photon Cannon  
  69  14:28  Photon Cannon  
  74  14:31  Probe  
  75  14:39  Probe  
  76  14:49  Probe  
  67  15:02  Probe, Observer  
  67  15:14  Probe  
Tags
 
Add a new tag
Caveats
  • Supply blocks, unpowered buildings, or Contaminate may cause inaccurate times.
  • Supply counts are checked every 10 seconds.